 Dungeon Crawl Stone Soup version 0.25.1-2-g60ff931df9 (webtiles) character file.

Game seed: 15180794406836613774

28 Martska the Shooter (level 2, -2/24 HPs)
             Began as a Centaur Hunter on Oct 13, 2020.
             Slain by a gnoll
             ... wielding a cursed -3 flail
              (7 damage)
             ... on level 2 of the Dungeon.
             The game lasted 00:01:35 (1445 turns).

Martska the Shooter (Centaur Hunter)                Turns: 1445, Time: 00:01:35

Health: -2/24      AC:  4    Str: 14    XL:     2   Next: 96%
Magic:  2/2        EV:  5    Int: 10    God:
Gold:   66         SH:  0    Dex:  9    Spells: 1/1 levels left

rFire    . . .     SeeInvis +   b - +0 short sword
rCold    . . .     Gourm    .   (no shield)
rNeg     . . .     Faith    .   c - +0 leather armour
rPois    .         Spirit   .   (no helmet)
rElec    .         Reflect  .   (no cloak)
rCorr    .         Harm     .   (no gloves)
MR       .....                  (no barding)
Stlth    +.........             (no amulet)
HPRegen  0.08/turn              m - ring of see invisible
MPRegen  0.08/turn              (no ring)

@: held, very quick
A: large, hooves 3, deformed body, speed 2, tough skin 3
a: no special abilities


You were on level 2 of the Dungeon.
You were not hungry.

You visited 1 branch of the dungeon, and saw 2 of its levels.

You collected 66 gold pieces.

Inventory:

Hand Weapons
 a - a +1 shortbow
 b - a +0 short sword (weapon)
Missiles
 d - 40 arrows
Armour
 c - a +0 leather armour (worn)
Jewellery
 m - a ring of see invisible (left hand)
Scrolls
 h - 3 scrolls of identify {unknown}
 i - a scroll of remove curse {unknown}
 j - a scroll of fog {unknown}
 l - a scroll of noise {unknown}
Potions
 e - a potion of brilliance {unknown}
 g - a potion of flight {unknown}
 k - a potion of berserk rage {unknown}
Comestibles
 f - 2 rations


   Skills:
 - Level 2.0 Fighting
 * Level 6.6 Bows
 - Level 1.3 Dodging
 - Level 0.4 Stealth


You had one spell level left.
You didn't know any spells.
Your spell library was empty.

Dungeon Overview and Level Annotations

Branches:
Dungeon (2/15)

Altars:


Innate Abilities, Weirdness & Mutations

You have hooves in place of feet.
Armour fits poorly on your strangely shaped body.
You cover ground very quickly.
You have extremely tough skin. (AC +3)


Message History

No target in view!
j - a scroll labeled ROTIT CEUFEBINT You now have 66 gold pieces (gained 13).
m - a steel ring A gnoll comes into view.
It is wielding a +0 halberd.
m - a ring of see invisible (left hand) 2 gnolls and a kobold come into view.
Found an escape hatch in the ceiling.
Found a stone staircase leading up.
A gnoll comes into view. It is wielding a +0 spear.
The gnoll hits you with a +0 halberd!
The gnoll throws a throwing net.
The throwing net barely misses you.
The gnoll throws a throwing net.
The throwing net hits you.
You become entangled in the net!
Things that are here:
a throwing net x2
You struggle against the net.
The gnoll hits you with a +0 halberd.
You tear a large gash into the net.
You struggle against the net.
The gnoll hits you with a +0 halberd!
* * * LOW HITPOINT WARNING * * *
The gnoll hits you with a cursed -3 flail!
You die...

........#...
#...........
###...<....<.#
#.....g......# .
#...........# #.
#....g.......
#.# #.....gK...#
#..##....@g....#
#...#........##
#...........#
##..#####.....
#...# .#..#
###.#.### ...#
#.......# #.# .#
#.......## #.#
... #........#
#.# #.#


You could see 4 gnolls and a kobold.

Vanquished Creatures
  A dart slug (D:1)
  A leopard gecko (D:1)
  7 bats (D:1)
  2 giant cockroaches
  2 hobgoblins (D:1)
  4 kobolds (D:1)
  A ball python (D:2)
  2 frilled lizards (D:1)
  5 rats (D:1)
25 creatures vanquished.

Notes
Turn   | Place    | Note
-------+----------+-------------------------------------------
     0 | D:1      | Martska the Centaur Hunter began the quest for the Orb.
     0 | D:1      | Reached XP level 1. HP: 17/17 MP: 1/1
   228 | D:1      | Reached skill level 6 in Bows
   228 | D:1      | Reached XP level 2. HP: 12/24 MP: 2/2
  1445 | D:2      | Slain by a gnoll

Illustrated notes

Levels and vault maps discovered:
D:1:      dpeg_arrival_pond, layout_basic
D:2:      layout_rooms, minmay_misc_feat_chi, minmay_pentomino_v2, uniq_terence

Skill      XL: |  1 |
---------------+----+-----
Bows           | 6 |  6.6
Fighting       | |  2.0
Dodging        | |  1.3
Stealth        | |  0.4

Action                   || total
-------------------------++-------
Melee: Short sword       ||   109
       Kick              ||    10
  Eat: Chunk             ||     1
Armor: Leather armour    ||    58
Dodge: Dodged            ||    97
